Map: Jagannatha LE

Players

FLORENCIO - Winner!

  • Race: Terran Terran
  • League: Platinum
  • Spawn Location: 7:00

아이런맨

  • Race: Zerg Zerg
  • League: Silver
  • Spawn Location: 1:00

VOD

Have the link to the VOD?

Description

Time

  • Played on: March 7, 2021, 6:42 p.m.
  • Length: 18:33
Show
View Real Time Build Order
Export as new Build Order

FLORENCIO Terran - Winner!

Build Orders: 2 Factory 

Get SALT Encoding   

  12  0:01  SCV  
  13  0:13  SCV  
  14  0:22  Supply Depot  
  14  0:26  SCV  
  15  0:37  Refinery  
  15  0:44  SCV  
  15  0:48  Barracks  
  16  0:56  SCV  
  17  1:08  SCV  
  18  1:20  Refinery, SCV  
  19  1:32  SCV  
  20  1:34  Supply Depot  
  20  1:35  Marine  
  20  1:39  Bunker  
  21  1:50  SCV  
  21  1:53  Marine  
  23  2:02  SCV  
  24  2:14  SCV  
  25  2:27  Command Center  
  25  2:42  Factory  
  26  2:46  Factory  
  25  2:51  Orbital Command  
  25  3:03  Marine  
  26  3:17  Supply Depot  
  26  3:31  Starport  
  26  3:32  Hellion x2  
  30  3:47  Barracks  
  30  4:00  Engineering Bay  
  30  4:02  SCV x2  
  32  4:08  Hellion  
  34  4:14  Hellion  
  36  4:21  SCV  
  36  4:22  SCV  
  38  4:30  Hellion  
  40  4:33  SCV  
  40  4:35  Orbital Command  
  41  4:49  SCV  
  41  4:50  Refinery  
  41  4:52  Refinery  
  44  5:01  SCV  
  43  5:07  Command Center  
  43  5:09  Viking  
  35  5:41  Factory Tech Lab x2, Command Center  
  35  5:44  Liberator  
  35  5:47  Marine  
  39  5:50  SCV  
  39  5:52  SCV  
  41  6:00  Supply Depot  
  41  6:02  SCV  
  42  6:04  SCV  
  43  6:14  SCV  
  43  6:16  SCV  
  45  6:18  Siege Tank  
  45  6:19  Siege Tank  
  51  6:26  Liberator  
  54  6:50  SCV  
  54  6:52  Planetary Fortress  
  55  7:01  Siege Tank x2  
  61  7:03  SCV  
  61  7:04  Planetary Fortress  
  62  7:08  Supply Depot  
  62  7:11  Supply Depot  
  62  7:15  SCV x2  
  64  7:27  SCV x2  
  64  7:29  SCV  
  67  7:39  SCV x2  
  67  7:41  SCV  
  70  7:49  Ghost Academy  
  70  7:50  Ghost Academy, Supply Depot  
  70  7:51  SCV x2, Supply Depot  
  71  7:53  SCV  
  73  8:03  SCV x2  
  73  8:05  SCV  
  76  8:15  SCV x2  
  76  8:17  SCV  
  77  8:27  SCV x2  
  77  8:29  SCV  
  80  8:39  Refinery, SCV  
  80  8:40  Refinery, SCV  
  82  8:41  SCV  
  82  8:43  Starport Tech Lab  
  82  8:45  Siege Tank x2  
  82  8:47  Personal Cloaking, Enhanced Shockwaves  
  89  8:51  SCV  
  89  8:52  SCV  
  89  8:53  SCV  
  89  9:03  SCV  
  89  9:04  SCV  
  89  9:05  SCV  
  89  9:09  Barracks Tech Lab  
  92  9:10  Barracks  
  92  9:11  Ghost Academy  
  92  9:12  Ghost Academy  
  92  9:13  Raven, Supply Depot  
  92  9:16  SCV x2, Supply Depot  
  96  9:18  SCV  
  97  9:35  Command Center  
  97  9:36  Command Center  
  97  9:37  Command Center  
  97  9:42  SCV x3  
  100  9:46  Ghost  
  100  9:49  Nuke x2  
  102  9:56  Raven  
  104  10:02  Sensor Tower  
  104  10:05  Sensor Tower  
  104  10:06  Nuke  
  104  10:13  Nuke  
  104  10:15  Ghost  
  104  10:16  SCV  
  104  10:19  Barracks Tech Lab  
  107  10:28  SCV  
  108  10:40  Ghost  
  110  10:44  Ghost  
  112  10:59  Refinery x2  
  112  11:00  Sensor Tower  
  112  11:05  Starport  
  112  11:07  Starport  
  112  11:09  Ghost  
  114  11:12  Ghost  
  116  11:22  SCV  
  116  11:23  SCV x2  
  117  11:30  Nuke x2  
  117  11:34  SCV  
  117  11:35  SCV x2  
  117  11:36  Planetary Fortress x2  
  117  11:37  Planetary Fortress  
  120  11:43  Hellion x2  
  120  11:46  SCV  
  125  11:54  Nuke  
  125  11:58  Starport Tech Lab  
  125  11:59  Starport Tech Lab  
  125  12:03  Starport  
  125  12:04  Starport  
  125  12:05  Hellion x2  
  129  12:26  Hellion x2  
  121  12:47  Hellion  
  121  12:48  Hellion  
  115  12:55  Starport Tech Lab x2  
  115  12:58  Raven x2  
  117  13:02  SCV  
  117  13:03  SCV x3  
  123  13:09  Hellion x2  
  127  13:14  SCV  
  127  13:15  SCV x3  
  127  13:25  Raven x2  
  127  13:27  SCV x4  
  127  13:39  SCV x4  
  127  13:41  Raven x2  
  135  13:50  Nuke x3  
  135  13:51  SCV x4  
  139  14:07  Raven  
  139  14:08  Command Center  
  141  14:15  Raven  
  143  14:17  Command Center  
  143  14:19  Command Center  
  143  14:23  Raven  
  143  14:24  Raven  
  145  14:28  Nuke  
  139  15:00  Ghost x2  
  139  15:01  Nuke  
  141  15:20  Raven  
  141  15:21  Raven  
  145  15:23  Raven  
  145  15:25  Hellion x2  
  145  15:26  Refinery, Missile Turret x2  
  151  15:28  Refinery  
  151  15:44  Nuke x2  
  151  15:46  Hellion  
  151  15:47  Hellion  
  155  15:52  Nuke  
  151  16:08  Hellion x2  
  155  16:29  Hellion x2  
  155  16:31  Nuke  
  159  16:51  Hellion x2  
  163  17:03  Nuke  
  163  17:32  Raven x4  
Show
View Real Time Build Order
Export as new Build Order

아이런맨 Zerg 

Build Orders: Hatch First 

Get SALT Encoding   

  12  0:03  Drone  
  13  0:13  Overlord  
  13  0:18  Drone  
  14  0:31  Drone x2  
  16  0:44  Drone  
  17  0:57  Hatchery, Drone  
  17  1:02  Extractor  
  16  1:09  Drone  
  17  1:18  Spawning Pool  
  16  1:28  Drone  
  16  1:29  Drone  
  19  1:32  Drone  
  19  1:43  Overlord  
  19  1:53  Drone  
  20  2:03  Overlord  
  20  2:17  Overlord  
  20  2:19  Drone  
  20  2:21  Queen  
  20  2:22  Queen  
  25  2:37  Zergling x2  
  25  2:38  Zergling x4  
  25  2:40  Drone  
  25  2:41  Metabolic Boost  
  29  2:45  Drone  
  29  2:47  Extractor  
  29  2:48  Drone  
  30  3:01  Queen  
  32  3:06  Drone x3  
  36  3:12  Drone  
  36  3:21  Drone  
  37  3:28  Hatchery  
  37  3:31  Drone  
  37  3:34  Drone x2  
  38  3:39  Overlord  
  39  3:51  Drone x3  
  39  3:52  Drone  
  43  3:59  Spore Crawler  
  42  4:03  Spore Crawler  
  42  4:06  Drone x2  
  43  4:15  Drone  
  43  4:16  Drone x2  
  47  4:17  Drone  
  47  4:21  Zergling x2  
  48  4:39  Roach Warren  
  48  4:40  Lair  
  48  4:44  Extractor  
  48  4:45  Drone x4  
  50  4:59  Evolution Chamber x2  
  48  5:00  Spore Crawler, Drone x2  
  48  5:02  Zergling x8  
  48  5:03  Zergling x2  
  54  5:13  Baneling Nest  
  44  5:33  Drone x2  
  44  5:34  Drone x2  
  41  5:41  Zergling x4  
  41  5:42  Zergling x4  
  45  5:52  Zerg Missile Weapons Level 1, Zerg Ground Armor Level 1  
  45  5:53  Drone  
  45  5:54  Drone  
  47  6:02  Drone x2  
  49  6:07  Overlord  
  49  6:08  Overlord  
  49  6:22  Overlord  
  49  6:23  Glial Reconstitution  
  49  6:28  Centrifical Hooks  
  49  6:31  Zergling x4  
  49  6:32  Zergling x2  
  52  6:33  Baneling x2  
  52  6:34  Baneling x2  
  52  6:35  Baneling x4  
  52  6:43  Hatchery  
  51  6:50  Drone  
  51  6:51  Drone x3  
  51  6:52  Roach x2  
  51  6:53  Roach x5  
  69  7:00  Queen  
  71  7:28  Roach  
  71  7:29  Overlord x2  
  73  7:30  Overlord  
  73  7:41  Hatchery  
  72  7:47  Drone, Extractor  
  72  7:49  Drone x2  
  74  8:15  Zergling x2  
  74  8:16  Zergling x4  
  58  8:30  Roach  
  58  8:31  Roach x5  
  64  8:38  Zergling x2  
  64  8:39  Zergling x4  
  64  8:59  Queen  
  64  9:06  Drone x2  
  66  9:10  Roach  
  66  9:11  Roach x3  
  66  9:12  Hatchery, Queen  
  75  9:17  Queen  
  77  9:26  Roach x5  
  77  9:29  Ravager x4  
  77  9:30  Baneling x3  
  77  9:31  Baneling x5  
  91  9:42  Queen  
  93  9:52  Queen  
  95  10:02  Overlord x3  
  95  10:13  Overlord x4  
  95  10:23  Overseer  
  95  10:24  Overseer  
  95  10:25  Overseer  
  95  10:27  Drone x2  
  97  10:30  Overlord  
  97  10:31  Overlord x3  
  97  10:32  Overlord  
  97  10:34  Roach x2  
  97  10:35  Roach x5  
  111  10:40  Ravager  
  111  10:41  Ravager x3  
  115  10:47  Roach x3  
  115  10:48  Roach  
  123  10:54  Hydralisk Den  
  114  11:14  Drone x4  
  118  11:46  Spore Crawler  
  117  11:51  Spore Crawler  
  117  11:52  Roach x6  
  117  11:53  Roach  
  130  12:11  Drone x6  
  72  12:53  Roach  
  72  12:54  Roach x5  
  72  12:55  Hydralisk x7  
  72  12:58  Muscular Augments  
  98  13:07  Drone x6  
  98  13:08  Drone  
  99  13:32  Spine Crawler  
  98  13:55  Overseer x2  
  98  14:09  Grooved Spines  
  98  14:15  Overseer  
  100  14:24  Roach x4  
  100  14:25  Roach x2  
  100  14:26  Hydralisk  
  112  14:34  Queen  
  79  14:57  Extractor  
  78  15:02  Overseer x2  
  78  15:19  Hatchery  
  77  15:34  Hatchery  
  76  15:40  Extractor  
  75  15:56  Roach x2  
  83  15:57  Roach x4  
  87  16:16  Pneumatized Carapace  
  87  16:19  Roach x2  
  87  16:20  Roach x3  
  87  16:21  Zergling x12  
  87  16:22  Zergling x2  
  104  16:33  Drone x3  
  104  16:34  Roach x2  
  107  16:47  Hydralisk x5  
  110  16:59  Zergling x6  
  111  17:01  Baneling x3  
  111  17:02  Baneling x4  
  111  17:08  Hydralisk x3  
  111  17:09  Hydralisk x2  
  111  17:10  Hydralisk x4  
  121  17:35  Queen  
  120  17:52  Drone x2  
  120  17:53  Drone x2  
Tags
 
Add a new tag
Caveats
  • Supply blocks, unpowered buildings, or Contaminate may cause inaccurate times.
  • Supply counts are checked every 10 seconds.